 Dungeon Crawl Stone Soup version 0.32-a0-898-g7811c86cf0 (webtiles) character file.

Game seed: 14908965406012733877

10752 Fodor the Cleaver (level 11, 0/97 HPs)
             Began as a Minotaur Fighter on Apr 4, 2024.
             Was an Initiate of Gozag.
             Slain by a komodo dragon (17 damage)
             ... on level 1 of the Lair of Beasts.
             The game lasted 00:34:16 (9862 turns).

Fodor the Cleaver (Minotaur Fighter)                Turns: 9862, Time: 00:34:17

Health: 0/97       AC: 18    Str: 24    XL:     11   Next: 40%
Magic:  10/10      EV: 11    Int:  9    God:    Gozag
Gold:   1718       SH:  5    Dex: 15    Spells: 10/10 levels left

rFire   . . .        w - +1 war axe (heavy)
rCold   . . .        (no shield)
rNeg    . . .        K - +5 scale mail "Lukuadid" {Int+4 Dex+4}
rPois   .            (helmet restricted)
rElec   .            l - +0 cloak
rCorr   .            O - +0 pair of gloves of the gadgeteer {Gadgeteer Wandboost ^Fragile}
SInv    .            i - +0 pair of boots
Will    .....        k - amulet of reflection
Stlth   +            (no ring)
HPRegen 0.36/turn    (no ring)
MPRegen 0.12/turn

%: reflection
@: mighty, lethally poisoned (0 -> -5), gold aura
A: horns 2, retaliatory headbutt
a: Renounce Religion, Potion Petition, Call Merchant, Bribe Branch


You were on level 1 of the Lair of Beasts.
You worshipped Gozag.
Gozag was most pleased with you.
You visited 3 branches of the dungeon, and saw 11 of its levels.
You also visited: Sewer and Ossuary.

You collected 1841 gold pieces.
You paid 123 gold pieces to Gozag.

Inventory:

Hand Weapons
 p - a +0 orcbow
 w - a +1 heavy war axe (weapon)
 L - a +0 battleaxe
Armour
 a - a +0 plate armour
 i - a +0 pair of boots (worn)
 l - a +0 cloak (worn)
 A - the +0 buckler "Fetaexaq" {Harm Int+3}
   (You found it on level 6 of the Dungeon)

   Int+3:     It affects your intelligence (+3).
   Harm:      It increases damage dealt and taken.
 K - the +5 scale mail "Lukuadid" (worn) {Int+4 Dex+4}
   (You found it on level 8 of the Dungeon)

   Int+4:     It affects your intelligence (+4).
   Dex+4:     It affects your dexterity (+4).
 O - the +0 pair of gloves of the gadgeteer (worn) {Gadgeteer Wandboost ^Fragile}
   (You found it on level 9 of the Dungeon)

   Gadgeteer: Your evocable items recharge 30% faster and wands have a 30%
   chance to not spend a charge.
   Wandboost: Your wands are more powerful.
   ^Fragile:  It will be destroyed if unequipped.
Jewellery
 k - an amulet of reflection (around neck)
Talismans
 b - a flux talisman
 j - a granite talisman
Wands
 h - a wand of paralysis (8)
 x - a wand of mindburst (4)
 I - a wand of flame (24)
 M - a wand of polymorph (8)
 P - a wand of iceblast (2)
Scrolls
 m - a scroll of acquirement
 o - 2 scrolls of fear
 q - a scroll of torment
 t - 3 scrolls of noise
 v - 2 scrolls of revelation
 y - a scroll of vulnerability
 D - a scroll of amnesia
 H - a scroll of immolation
Potions
 c - a potion of berserk rage {unknown}
 d - 4 potions of might
 f - 2 potions of magic
 n - 2 potions of attraction {unknown}
 r - 2 potions of enlightenment
 s - 2 potions of haste {unknown}
 z - 2 potions of heal wounds {unknown}
 B - a potion of lignification {unknown}
 C - 3 potions of mutation
 E - a potion of brilliance {unknown}
 G - a potion of ambrosia {unknown}
 J - a potion of resistance {unknown}


   Skills:
 + Level 9.3 Fighting
 + Level 14.1 Axes
 + Level 6.0 Ranged Weapons
 + Level 10.1 Armour
 + Level 3.8 Dodging
 + Level 1.9 Stealth
 + Level 7.0 Shields
 + Level 0.1 Evocations


You had 10 spell levels left.
You didn't know any spells.
Your spell library contained the following spells:

 Spells                   Type           Power      Damage    Failure   Level
 Apportation              Tloc           0%         N/A       63%         1
 Jinxbite                 Hex            0%         N/A       77%         2
 Static Discharge         Conj/Air       0%         3-3/arc   77%         2
 Fugue of the Fallen      Necr           0%         N/A       94%         3
 Ozocubu's Armour         Ice            0%         N/A       94%         3
 Teleport Other           Tloc           0%         N/A       94%         3
 Tukima's Dance           Hex            0%         N/A       94%         3
 Airstrike                Air            0%         2d(0-16)  100%        4
 Dimensional Bullseye     Hex/Tloc       0%         N/A       100%        4
 Ignite Poison            Fire/Alch      0%         N/A       100%        4
 Iskenderun's Mystic Bla Conj/Tloc 0%             2d3        (+2d1     100%        4
 Sticky Flame             Fire/Alch      0%         2d4       100%        4
 Summon Lightning Spire   Summ/Air       0%         N/A       100%        4
 Alistair's Intoxication  Alch           0%         N/A       100%        5
 Dispersal                Tloc           0%         N/A       100%        6
 Gell's Gavotte           Tloc           0%         2d(11-16) 100%        6
 Manifold Assault         Tloc           0%         N/A       100%        7
 Ignition                 Fire           0%         3d3       100%        8


Dungeon Overview and Level Annotations

Branches:
Dungeon (9/15)             Temple (1/1) D:5            Lair (1/5) D:9
  Sewer (visited)         Ossuary (visited)
    Orc: D:9-12

Altars:
Ashenzari
Dithmenos
Elyvilon
Fedhas
Gozag
Hepliaklqana
Kikubaaqudgha
Makhleb
Nemelex Xobeh
Okawaru
Qazlal
Ru
Sif Muna
Trog
Uskayaw
Vehumet
Wu Jian
Xom
Yredelemnul
Zin
The Shining One


Innate Abilities, Weirdness & Mutations

You have a pair of horns on your head.
You reflexively headbutt those who attack you in melee.


Message History

The rime drake is severely wounded.
The ice encasing you melts away.
The rime drake bites you but does no damage.
You slash the rime drake!
You kill the rime drake!
You now have 1718 gold pieces (gained 21).
You see here a +1 flail of protection.
A cane toad and a komodo dragon come into view.
Found 10 gold pieces.
The cane toad gives a loud, deep croak!
The komodo dragon hisses angrily.
You see here 17 gold pieces.
The cane toad stings you!
You are poisoned.
The cane toad poisons you!
You feel very sick. The komodo dragon barely misses you.
The cane toad barely misses you.
You slice the komodo dragon!!
The komodo dragon is heavily wounded.
You barely miss the cane toad.
You feel very sick. The komodo dragon bites you!!
The cane toad stings you but does no damage.
The komodo dragon barely misses you.
You hit the komodo dragon.
The komodo dragon is heavily wounded.
You slash the cane toad!
You feel very sick. The cane toad barely misses you.
The komodo dragon bites you!!
* * * LOW HITPOINT WARNING * * *
The cane toad barely misses you.
You feel very mighty all of a sudden.
You feel very sick. The komodo dragon bites you.
* * * LOW HITPOINT WARNING * * *
You block the cane toad's attack.
You slice the cane toad!!
You kill the cane toad!
You barely miss the komodo dragon.
You feel sick. The komodo dragon bites you!
You die...
Your body crumbles into a pile of gold.

.........
.....................#
.....................##
.....................P##
......................$...
...........................
..........................P
...........................
................@.........
...............$l.......##.
........................#..
.......$.............
.....^.............)....#.
........................#
........................#..
...........................
....#.###.#.######......+..


You could see a komodo dragon.

Vanquished Creatures
  A two-headed ogre (D:9)
  6 elephants (Lair:1)
  4 cane toads (Lair:1)
  A centaur zombie (D:9)
  2 rime drakes (Lair:1)
  Prince Ribbit (D:7)
  3 hellwings (D:9)
  Sigmund (D:7)
  8 yaks
  A basilisk (Lair:1)
  A steam dragon (D:5)
  An ice beast (D:6)
  3 orc warriors
  3 black bears
  2 ogres
  A centaur (D:6)
  3 phantoms
  2 kobold brigands
  4 bullfrogs
  3 gnoll sergeants
  4 wights
  2 scorpions
  4 killer bees (D:9)
  3 howler monkeys
  A bombardier beetle (D:6)
  A hound (D:5)
  A jelly (D:5)
  5 centaur skeletons
  3 orc priests
  A spectral scorpion (Ossuary)
  4 sleepcaps
  3 iguanas
  4 orc wizards
  A boggart skeleton (D:9)
  A crocodile zombie (Ossuary)
  An ogre skeleton (Ossuary)
  9 mummies (Ossuary)
  17 gnolls
  8 adders
  3 river rats
  A white imp (D:7)
  2 ufetubi (D:6)
  3 dart slugs
  4 ribbon worms
  19 orcs
  14 bats
  12 endoplasms
  8 giant cockroaches
  6 goblins
  10 hobgoblins
  9 jackals
  20 kobolds
  8 quokkas
  15 ball pythons
  12 frilled lizards
  A gnoll skeleton (Ossuary)
  A kobold skeleton (Ossuary)
  2 orc skeletons (Ossuary)
  7 rats
  10 spectral rats (Ossuary)
291 creatures vanquished.

Vanquished Creatures (others)
  A kobold brigand (D:5)
  An orc wizard (D:6)
2 creatures vanquished.

Grand Total: 293 creatures vanquished

Notes
Turn   | Place    | Note
-------+----------+-------------------------------------------
     0 | D:1      | Fodor the Minotaur Fighter began the quest for the Orb.
     0 | D:1      | Reached XP level 1. HP: 19/19 MP: 0/0
     6 | D:1      | Noticed a mana viper
     6 | D:1      | Noticed a hog
     7 | D:1      | Noticed a brain worm
     7 | D:1      | Noticed a wyvern
   174 | D:1      | Reached XP level 2. HP: 27/27 MP: 1/1
   410 | D:1      | Reached XP level 3. HP: 32/33 MP: 2/2
   431 | D:1      | Reached skill level 3 in Axes
  1022 | D:2      | Reached XP level 4. HP: 40/40 MP: 3/3
  1070 | D:2      | Reached skill level 4 in Axes
  2026 | D:3      | Found a faded altar of an unknown god.
  2350 | D:4      | Noticed a phantom
  2357 | D:4      | Killed a phantom
  2358 | D:4      | Reached skill level 5 in Axes
  2358 | D:4      | Reached XP level 5. HP: 41/47 MP: 4/4
  2392 | D:4      | Identified a scroll of acquirement
  2425 | D:4      | Reached skill level 1 in Dodging
  2468 | D:4      | Reached XP level 6. HP: 51/53 MP: 5/5
  2501 | D:4      | Found a glowing drain.
  2525 | Sewer    | Entered a sewer
  2572 | Sewer    | Reached skill level 6 in Axes
  3315 | D:4      | Reached skill level 5 in Fighting
  3315 | D:4      | Reached skill level 5 in Armour
  3564 | D:4      | Found an iron altar of Okawaru.
  3729 | D:5      | Entered Level 5 of the Dungeon
  3745 | D:5      | Reached XP level 7. HP: 39/61 MP: 6/6
  3869 | D:5      | Found a staircase to the Ecumenical Temple.
  3875 | Temple   | Entered the Ecumenical Temple
  3886 | Temple   | Became a worshipper of Gozag Ym Sagoz the Greedy
  4038 | D:5      | Found a sparkling altar of Nemelex Xobeh.
  4038 | D:5      | Found a transporter.
  4039 | D:5      | Noticed a steam dragon
  4054 | D:5      | Killed a steam dragon
  4055 | D:5      | Reached skill level 7 in Axes
  5258 | D:6      | Reached skill level 8 in Axes
  5258 | D:6      | Reached XP level 8. HP: 67/69 MP: 7/7
  5612 | D:6      | Identified the +0 buckler "Fetaexaq" {Harm Int+3}
  5690 | D:6      | Found a sand-covered staircase.
  5695 | Ossuary  | Entered an ossuary
  5716 | Ossuary  | Reached skill level 5 in Shields
  5728 | Ossuary  | Reached skill level 9 in Axes
  6307 | D:6      | Reached skill level 10 in Axes
  6326 | D:6      | Reached XP level 9. HP: 63/75 MP: 8/8
  6611 | D:7      | Noticed Prince Ribbit
  6625 | D:7      | Killed Prince Ribbit
  6626 | D:7      | Reached skill level 11 in Axes
  6744 | D:7      | Found an ornate altar of the Wu Jian Council.
  6840 | D:7      | Noticed Sigmund
  6859 | D:7      | Killed Sigmund
  7178 | D:8      | Identified the +5 scale mail "Lukuadid" {Int+4 Dex+4}
  7340 | D:8      | Reached skill level 12 in Axes
  7405 | D:8      | Reached skill level 1 in Ranged Weapons
  7409 | D:8      | Reached skill level 1 in Stealth
  7815 | D:9      | Reached XP level 10. HP: 70/86 MP: 9/9
  7862 | D:9      | Found a radiant altar of Vehumet.
  7883 | D:9      | Found a bloodstained altar of Trog.
  8030 | D:9      | Found a staircase to the Lair.
  8432 | D:9      | Noticed a two-headed ogre
  8443 | D:9      | HP: 1/86 [two-headed ogre/+0 giant club (8)]
  8444 | D:9      | Killed a two-headed ogre
  8847 | D:9      | Reached skill level 5 in Ranged Weapons
  8867 | D:9      | Found the +4 Cigotuvi's embrace {Corpsefed rMiasma ^Drain
                  | rN+}
  8867 | D:9      | Found the +0 pair of gloves of the gadgeteer {Gadgeteer
                  | Wandboost ^Fragile}
  9169 | D:9      | Found a shimmering altar of Xom.
  9169 | D:9      | Found a white marble altar of Elyvilon.
  9176 | D:9      | Found a stormy altar of Qazlal.
  9178 | D:9      | Found a shadowy altar of Dithmenos.
  9180 | D:9      | Found a burning altar of Makhleb.
  9206 | Lair:1   | Entered Level 1 of the Lair of Beasts
  9206 | Lair:1   | Noticed an elephant
  9209 | Lair:1   | Noticed an elephant
  9209 | Lair:1   | Noticed an elephant
  9211 | Lair:1   | Noticed an elephant
  9216 | Lair:1   | Noticed a cane toad
  9233 | Lair:1   | Killed an elephant
  9234 | Lair:1   | Reached skill level 13 in Axes
  9237 | Lair:1   | Killed an elephant
  9244 | Lair:1   | Killed an elephant
  9246 | Lair:1   | Noticed an elephant
  9248 | Lair:1   | Noticed an elephant
  9250 | Lair:1   | Killed a cane toad
  9251 | Lair:1   | Reached XP level 11. HP: 31/95 MP: 10/10
  9298 | Lair:1   | Reached skill level 10 in Armour
  9544 | Lair:1   | Reached skill level 14 in Axes
  9862 | Lair:1   | Slain by a komodo dragon

Illustrated notes

Levels and vault maps discovered:
D:1:      onia_arrival_zoo_common, layout_basic
D:2:      minmay_razor_zed, layout_basic
D:3:      layout_loops_ring, basic_ecumenical_altar
D:4:      layout_loops_ring, kennysheep_mini, portal_sewer_entry_c
D:5:      layout_loops_corners, grunt_nemelex_the_gamble, temple_green
D:6:      layout_basic, enter_ossuary_2
D:7:      layout_rooms, nicolae_wu_jian_immortal_techniques, sigmund_army,
          uniq_prince_ribbit1
D:8:      layout_cave_pools
D:9:      layout_rooms, chequers_temple_overflow_minitemple,
          grunt_temple_overflow_open, nrook_campfire,
          hellmonk_guarded_unrand_cigotuvi
Temple:   chequers_temple_sunken
Lair:1:   layout_chaotic_city, grunt_megastairs_4, uniq_harold

Skill      XL: |  1  2  3  4  5  6  7  8  9 10 11 |
---------------+----------------------------------+-----
Fighting       | 4 5 6 7 8 9 |  9.3
Armour         | 4 5 7 8 9 10 | 10.1
Shields        | 4 5 6 7 |  7.0
Axes           | 3 5 6 8 10 12 13 14 | 14.1
Dodging        | 1 3 |  3.8
Ranged Weapons | 2 5 6 |  6.0
Stealth        | 1 |  1.9
Evocations     | |  0.1

Action                     |  1- 3 |  4- 6 |  7- 9 | 10-12 || total
---------------------------+-------+-------+-------+-------++-------
  Melee: War axe           |    87 |    33 |    20 |   107 ||   247
         Headbutt          |     7 |    14 |    57 |    28 ||   106
         Battleaxe         |       |   164 |   278 |       ||   442
   Fire: Orcbow            |       |       |    13 |    66 ||    79
  Evoke: Wand              |       |       |       |     1 ||     1
    Use: Scroll            |       |     5 |    10 |     4 ||    19
         Potion            |       |       |     2 |     5 ||     7
   Stab: Distracted        |       |       |     4 |     1 ||     5
 Armour: Scale mail        |    80 |    33 |    36 |   208 ||   357
         Plate armour      |       |   236 |   283 |       ||   519
  Dodge: Dodged            |    60 |    99 |   116 |   110 ||   385
  Block: Buckler           |    19 |    10 |       |       ||    29
         Other             |       |    45 |    71 |    53 ||   169
         Reflection        |       |       |     1 |     1 ||     2

Table legend: (Time is in decaauts)
 A = Elapsed time spent in this place.
 B = Non-inter-level travel time spent in this place.
 C = Inter-level travel time spent in this place.
 D = Time resting spent in this place.
 E = Time spent auto-exploring this place.
 F = Levels seen in this place.
 G = Mean time per level.
                   A        B        C        D        E       F      G
               +--------+--------+--------+--------+--------+-----+--------+
         Total |  10318 |   9924 |    394 |    904 |   5531 |  13 |  793.7 |
       Dungeon |   8195 |   7801 |    394 |    633 |   4483 |   9 |  910.6 |
        Temple |     25 |     25 |      0 |      0 |      0 |   1 |   25.0 |
          Lair |    676 |    676 |      0 |    187 |    295 |   1 |  676.0 |
         Sewer |    920 |    920 |      0 |      0 |    596 |   1 |  920.0 |
       Ossuary |    499 |    499 |      0 |     84 |    157 |   1 |  499.0 |
               +--------+--------+--------+--------+--------+-----+--------+

Top non-repeatable levels by time:
     D:5: 1552 daAuts
     D:9: 1221 daAuts
     D:2: 1060 daAuts
   Sewer: 920 daAuts
     D:6: 849 daAuts
     D:4: 773 daAuts
     D:3: 745 daAuts
     D:8: 742 daAuts
  Lair:1: 676 daAuts
     D:1: 648 daAuts
     D:7: 602 daAuts
 Ossuary: 499 daAuts
  Temple: 25 daAuts
